AoeStats
← Stop_Force-Pick_Civ_Pls

Yucatan

510764113Analyzed
4v4 RM · 16h ago on Oct 2, 2026· 22m 51s· 8 players
Game mode
Random Map
Map size
Large (8 player)
Population
200
Speed
Normal
Resources
Standard
Victory
Conquest
Starting age
Dark Age
Ending age
Imperial Age
RankedLock teamsTeams togetherTeam positionsShared explorationLock speedFull tech treeHidden civsTurbo modeCheats
Victory
Defeat
🇬🇧 Franks · United Kingdom
1415
+16
🇬🇧 Maya · United Kingdom
1412
+16
🇧🇷 Mongols · Brazil
1394
+16
🇺🇸 Slavs · United States
1366
+18
🇨🇳 Britons · China
1444
-18
🇨🇳 Bohemians · China
1409
-17
1389
-16
🇨🇳 Mongols · China
1381
-15
阿尔特留斯
3:56 Loom
12:24 Feudal Age
16:16 Castle Age
14:57 Double-Bit Axe
17:43 Bow Saw
17:59 Fervor
21:23 Sanctity
21:05 Horse Collar
23:11 Wheelbarrow
Stop_Force-Pick_Civ_Pls
6:42 Loom
9:04 Feudal Age
14:04 Fletching
14:17 Town Watch
22:27 Castle Age
Mr.Robin
10:08 Feudal Age
10:40 Double-Bit Axe
14:00 Loom
14:56 Wheelbarrow
14:57 Fishing Lines
17:29 Castle Age
16:47 Horse Collar
18:43 Hand Cart
18:52 Bow Saw
18:48 Gillnets
很蓝的啦
2:33 Loom
9:38 Feudal Age
10:10 Double-Bit Axe
10:09 Horse Collar
13:29 Gold Mining
15:11 Wheelbarrow
14:26 Town Watch
14:55 Bloodlines
17:34 Castle Age
16:57 Forging
18:00 Scale Barding Armor
18:07 Light Cavalry
19:03 Husbandry
19:22 Horse Collar
19:40 Stone Mining
Creed
4:42 Loom
10:07 Feudal Age
15:22 Castle Age
15:16 Wheelbarrow
14:57 Double-Bit Axe
15:51 Gold Mining
15:52 Stone Mining
22:41 Horse Collar
Oliver
7:19 Loom
11:07 Feudal Age
14:57 Castle Age
14:46 Scale Barding Armor
14:51 Forging
19:36 Chain Barding Armor
21:48 Double-Bit Axe
22:21 Husbandry
23:15 Iron Casting
Mike_raft
0:32 Loom
10:30 Feudal Age
11:34 Double-Bit Axe
21:40 Castle Age
20:30 Fletching
20:41 Padded Archer Armor
20:54 Stone Mining
20:54 Gold Mining
20:51 Fishing Lines
23:30 Leather Archer Armor
23:11 Bodkin Arrow
Catiorão
8:06 Loom
10:19 Feudal Age
10:55 Double-Bit Axe
15:45 Castle Age
13:50 Fletching
14:49 Padded Archer Armor
16:11 Bloodlines
17:30 Bodkin Arrow
23:14 Wheelbarrow
22:43 Husbandry
Connection lost

Rejoining the realm…

Still unreachable

The connection could not be restored.

Session expired

The server has moved on; the page needs a fresh start.